 Dungeon Crawl Stone Soup version 0.21.1-1-g345015f (webtiles) character file.

13351 Melicamp the Protected (level 12, -13/150 HPs)
             Began as a Barachi Wanderer on Apr 8, 2018.
             Was a Priest of Qazlal.
             Mangled by a large abomination (22 damage)
             ... on level 10 of the Dungeon.
             The game lasted 01:09:21 (13111 turns).

Melicamp the Protected (Barachi Wanderer)          Turns: 13111, Time: 01:09:22

Health: -13/150    AC: 33    Str: 17    XL:     12   Next: 5%
Magic:  14/20      EV:  2    Int: 15    God:    Qazlal [***...]
Gold:   215        SH:  8    Dex: 13    Spells: 18/22 levels left

rFire    . . .     SeeInvis .   h - +3 eveningstar (protect)
rCold    . . .     Gourm    .   l - +0 buckler
rNeg     + + +     Faith    +   (armour currently unavailable)
rPois    +         Spirit   .   (helmet currently unavailable)
rElec    .         Reflect  .   (cloak currently unavailable)
rCorr    .         Harm     .   (gloves currently unavailable)
MR       .....     NoTele   +   (boots currently unavailable)
Stlth    +.........             u - amulet of faith
HPRegen  0.35/turn              g - +2 ring of strength
MPRegen  0.17/turn              j - ring of positive energy

@: tree-form, protection aura
A: +LOS, swims
a: Upheaval, Elemental Force, Renounce Religion


You were on level 10 of the Dungeon.
You worshipped Qazlal.
Qazlal was most pleased with you.
You were not hungry.
You were a tree.
You visited 2 branches of the dungeon, and saw 11 of its levels.
You visited the Abyss 1 time.
You also visited: Ossuary.

You collected 567 gold pieces.
You spent 352 gold pieces at shops.

Inventory:

Hand Weapons
 h - a +3 eveningstar of protection (weapon)
   (You found it on level 10 of the Dungeon)
Missiles
 c - 229 arrows
 k - 303 stones (quivered)
Armour
 i - a +2 hat (melded)
   (You found it on level 2 of the Dungeon)
 l - a +0 buckler (worn)
   (You found it on level 1 of the Dungeon)
 n - a +0 pair of gloves (melded)
   (You found it on level 3 of the Dungeon)
 v - the +1 cloak "Plog" (melded) {rElec rF+ Regen+}
   (You found it on level 5 of the Dungeon)

   It protects you from fire.
   It insulates you from electricity.
   It increases your rate of regeneration.
 J - a +2 pair of boots (melded)
   (You found it on level 7 of the Dungeon)
 K - the +4 scale mail of Hopscotch (melded) {MR+ Stlth+}
   (You found it on level 9 of the Dungeon)

   It affects your resistance to hostile enchantments.
   It makes you more stealthy.
 L - a +2 chain mail of fire resistance
   (You found it on level 9 of the Dungeon)
Jewellery
 g - a +2 ring of strength (left branch)
   (You found it on level 1 of the Dungeon)
 j - a ring of positive energy (right branch)
   (You found it on level 3 of the Dungeon)
 t - a +4 ring of intelligence
   (You found it on level 4 of the Dungeon)
 u - an amulet of faith (around neck)
   (You found it on level 4 of the Dungeon)
Wands
 p - a wand of random effects (16)
   (You found it on level 2 of the Dungeon)
 B - a wand of disintegration (5)
   (You found it on level 7 of the Dungeon)
 G - a wand of flame (39)
   (You found it on level 7 of the Dungeon)
 I - a wand of digging (20)
   (You found it on level 7 of the Dungeon)
Scrolls
 m - a scroll of immolation
 s - 2 scrolls of identify
 w - 2 scrolls of teleportation
 y - a scroll of amnesia
 A - 2 scrolls of remove curse
 D - a scroll of fear
 N - a scroll of enchant armour
Potions
 o - 4 potions of brilliance
 q - 2 potions of curing
 r - a potion of flight
 x - a potion of haste
 H - a potion of cancellation
Books
 a - a book of Conjurations
   (You found it on level 10 of the Dungeon)
 b - a book of Callings
   (You found it on level 9 of the Dungeon)
 C - a book of Frost
   (You found it on level 7 of the Dungeon)
 M - a book of Maledictions
   (You found it on level 9 of the Dungeon)
 O - a book of Changes
   (You bought it in a shop on level 4 of the Dungeon)
Miscellaneous
 z - a lightning rod (4/4)
   (You found it on level 9 of the Dungeon)
 E - a fan of gales (inert)
   (You found it on level 9 of the Dungeon)
 F - a sack of spiders
Comestibles
 f - 22 rations


   Skills:
 - Level 11.5 Fighting
 - Level 10.0 Maces & Flails
 - Level 11.6 Armour
 - Level 1.0 Stealth
 - Level 4.2 Shields
 * Level 5.5 Spellcasting
 * Level 2.9 Summonings
 * Level 2.6 Transmutations
 - Level 6.5 Invocations
 - Level 0.2 Evocations


You had 18 spell levels left.
You knew the following spells:

 Your Spells              Type           Power        Failure   Level  Hunger
a - Call Imp              Summ           ##......     7%          2    #......
b - Sticks to Snakes      Tmut           ##......     8%          2    #......


Dungeon Overview and Level Annotations

Branches:
Dungeon (10/15)            Temple (1/1) D:7            Lair (0/6) D:10
    Orc: D:9-12

Altars:
Ashenzari
Cheibriados
Dithmenos
Elyvilon
Fedhas
Gozag
Hepliaklqana
Kikubaaqudgha
Makhleb
Nemelex Xobeh
Okawaru
Qazlal
Ru
Sif Muna
Trog
Uskayaw
Vehumet
Wu Jian
Xom
Yredelemnul
Zin
The Shining One
Lugonu

Shops:
D:4 *   D:10 }


Innate Abilities, Weirdness & Mutations

Shadows flee at your approach. (+LOS)
You can swim through water.
((You cover ground slowly.))
((You can hop short distances.))


Message History

The brown ugly thing completely misses you.
The raiju bites you but does no damage.
The brown ugly thing is engulfed in freezing vapours.
You block the brown ugly thing's attack.
You bludgeon the raiju!!
You kill the raiju!
Qazlal accepts your kill.
Your Summonings skill increases to level 2!
The brown ugly thing completely misses you.
The red ugly thing headbutts you!
You are engulfed in flames!!
You feel much better.
The brown ugly thing is engulfed in blazing flames.
You block the brown ugly thing's attack.
You barely miss the red ugly thing.
The red ugly thing is heavily wounded.
The brown ugly thing punches you but does no damage.
The brown ugly thing claws you.
You are splashed with acid!
The acid burns!
The red ugly thing barely misses you.
The brown ugly thing is engulfed in blazing flames.
The brown ugly thing kicks you but does no damage.
You sock the red ugly thing!
The red ugly thing is almost dead.
The brown ugly thing punches you but does no damage.
You block the brown ugly thing's attack.
You block the red ugly thing's attack.
You closely miss the red ugly thing.
The red ugly thing is almost dead.
Your extra speed is starting to run out.
The brown ugly thing is engulfed in blazing flames.
You kill the brown ugly thing!
Qazlal accepts your kill.
You can now give life to nearby clouds.
Your Transmutations skill increases to level 2!
You have reached level 12!
Your experience leads to an increase in your attributes!
Your base attributes are Str 15, Int 15, Dex 11.
Increase (S)trength, (I)ntelligence, or (D)exterity?
You feel agile. x2
You fail to use your ability.
You block the brown ugly thing's attack.
The brown ugly thing claws you!
You are splashed with acid!
The acid burns!
The red ugly thing headbutts you.
You are engulfed in flames!!
* * * LOW HITPOINT WARNING * * *
You feel much better.
The brown ugly thing punches you but does no damage.
The brown ugly thing basks in the mutagenic energy from its kin and changes!
You block the red ugly thing's attack.
You hit the red ugly thing but do no damage.
The red ugly thing is almost dead.
The large abomination hits you.
The brown ugly thing punches you but does no damage.
You hit the red ugly thing.
The red ugly thing is almost dead.
The red ugly thing basks in the mutagenic energy from its kin and changes!
You bludgeon the brown ugly thing!!
You kill the brown ugly thing!
Qazlal accepts your kill. The large abomination hits you!!
* * * LOW HITPOINT WARNING * * *
The brown ugly thing completely misses you.
The green ugly thing basks in the mutagenic energy from its kin and changes!
Okay, then.
As you read the scroll of fear, it crumbles to dust.
You assume a fearsome visage.
The large abomination is unaffected.
The brown ugly thing resists with some effort.
The brown ugly thing looks frightened!
The brown ugly thing punches you.
* * * LOW HITPOINT WARNING * * *
You are splashed with acid!
The acid burns!
* * * LOW HITPOINT WARNING * * *
You hit the large abomination but do no damage.
You feel yourself slow down.
The large abomination hits you but does no damage.
You barely miss the large abomination.
The brown ugly thing is engulfed in freezing vapours.
The brown ugly thing punches you but does no damage.
You hit the large abomination but do no damage.
The large abomination hits you but does no damage.
The brown ugly thing is engulfed in freezing vapours.
You block the brown ugly thing's attack.
You puncture the large abomination!
The large abomination is moderately damaged.
The brown ugly thing is engulfed in freezing vapours.
The brown ugly thing punches you but does no damage.
The large abomination hits you but does no damage.
You hit the large abomination but do no damage.
The large abomination is moderately damaged.
The brown ugly thing is engulfed in freezing vapours.
You block the brown ugly thing's attack.
The large abomination hits you!
* * * LOW HITPOINT WARNING * * *
Evoke which item? (* to show all) (? for menu, Esc to quit)
Okay, then.
You hit the large abomination but do no damage.
The large abomination is moderately damaged.
You are no longer corroded.
The brown ugly thing punches you but does no damage.
You hit the brown ugly thing.
The brown ugly thing is severely wounded.
The brown ugly thing punches you but does no damage.
The large abomination hits you!!
You die...

..# ...### #..###'###...# ..##
#...... ##..#.....#...# ...###
#.[u). ###...#.....#...# .....#
#.%_$. #([[.(#.....#...# ...###
#.$$$.# ###...#.....#...# ..##
......#####..#.....#...# ..#
###....###..#####.#...# ..#
####..X.##............# ..#
####..u♣##............# ..#
#.###..###............# ..##
##©########............#
...######...######.............#
#..............................##
#................###+###........<
#................#.....#.........
#................#.♣.♣.#.........
#.#####.....####.'..∩).'.#####...


You could see 2 ugly things and a large abomination.

Vanquished Creatures
  4 two-headed ogres
  A wizard (D:9)
  4 ugly things
  A gargoyle (D:9)
  2 raiju (D:10)
  3 hornets (D:9)
  4 hippogriffs
  A wyvern (D:10)
  2 hungry ghosts
  9 yaks (D:9)
  A vampire mosquito (D:9)
  Menkaure (D:7)
  A soldier ant (D:9)
  Edmund (D:5)
  3 porcupines (D:10)
  4 orc warriors
  4 ice beasts
  2 sky beasts
  2 phantoms (D:4)
  3 black bears
  3 ogres
  A necrophage (D:9)
  2 centaurs
  2 big kobolds
  A gnoll sergeant (D:9)
  5 bullfrogs
  A water moccasin zombie (D:10)
  A jelly (D:10)
  4 scorpions
  4 killer bees (D:10)
  5 wights (D:8)
  2 electric eels (D:8)
  2 howler monkeys
  2 centaur zombies
  4 crimson imps
  A bullfrog zombie (D:5)
  3 hounds
  2 orc priests (D:5)
  An iguana (D:8)
  A centaur skeleton (D:10)
  5 orc wizards
  10 worker ants
  A big kobold zombie (Ossuary)
  A hound zombie (D:7)
  2 hound skeletons
  4 mummies (Ossuary)
  2 worker ant zombies
  11 adders
  2 oozes
  3 adder zombies
  An adder skeleton (D:9)
  2 dart slugs
  6 leopard geckos
  38 orcs
  5 giant cockroaches
  9 goblins
  7 hobgoblins
  12 jackals
  4 quokkas
  9 bats
  9 frilled lizards
  6 hobgoblin zombies (Ossuary)
  3 jackal skeletons
  A jackal zombie (D:8)
  17 kobolds
  A leopard gecko zombie (D:9)
  2 quokka skeletons
  12 rats
285 creatures vanquished.

Vanquished Creatures (others)
  A giant cockroach (D:8)
  A plant (D:5)
2 creatures vanquished.

Grand Total: 287 creatures vanquished

Notes
Turn   | Place    | Note
-------+----------+-------------------------------------------
     0 | D:1      | Melicamp the Barachi Wanderer began the quest for the Orb.
     0 | D:1      | Melicamp set off with: a +2 mace, a +0 shortbow, 23 arrows, a potion of lignification, a +0 robe, a ration
     0 | D:1      | Reached XP level 1. HP: 20/20 MP: 1/1
   108 | D:1      | Reached skill level 5 in Fighting
   257 | D:1      | Reached XP level 2. HP: 27/27 MP: 2/2
   754 | D:1      | Reached XP level 3. HP: 24/33 MP: 3/3
   760 | D:1      | Reached skill level 2 in Maces & Flails
  1284 | D:2      | Reached skill level 6 in Fighting
  1561 | D:2      | Reached XP level 4. HP: 28/40 MP: 4/4
  1730 | D:2      | Found a faded altar of an unknown god.
  2580 | D:3      | Reached skill level 3 in Maces & Flails
  2580 | D:3      | Reached XP level 5. HP: 25/47 MP: 5/5
  2953 | D:3      | Noticed a big kobold
  3015 | D:3      | Killed a big kobold
  3015 | D:3      | Reached skill level 2 in Shields
  3115 | D:3      | Reached skill level 3 in Shields
  3134 | D:3      | Reached XP level 6. HP: 17/53 MP: 6/6
  3558 | D:4      | Reached skill level 4 in Maces & Flails
  3558 | D:4      | Reached skill level 4 in Shields
  3795 | D:4      | Found Itezuesu's General Store.
  3805 | D:4      | Bought a potion of heal wounds for 55 gold pieces
  3805 | D:4      | Bought a scroll of identify for 22 gold pieces
  3908 | D:4      | Reached skill level 7 in Fighting
  3984 | D:4      | Noticed a phantom
  3991 | D:4      | Got a smoking leather armour
  4024 | D:4      | Reached XP level 7. HP: 50/60 MP: 7/7
  4416 | D:5      | Entered Level 5 of the Dungeon
  4472 | D:5      | Identified the +1 leather armour "Ruhu" {rCorr} (You found it on level 4 of the Dungeon)
  4535 | D:4      | Reached skill level 8 in Fighting
  4535 | D:4      | Reached skill level 5 in Maces & Flails
  4758 | D:5      | Found a sand-covered staircase.
  4764 | Ossuary  | Entered an ossuary
  5311 | D:5      | Reached XP level 8. HP: 39/70 MP: 8/8
  5413 | D:5      | Reached skill level 9 in Fighting
  5806 | D:5      | Noticed Edmund
  5827 | D:5      | Killed Edmund
  5827 | D:5      | Reached skill level 6 in Maces & Flails
  6037 | D:5      | Reached skill level 4 in Armour
  6457 | D:5      | Got a jewelled cloak
  6463 | D:5      | Identified the +1 cloak "Plog" {rElec rF+ Regen+} (You found it on level 5 of the Dungeon)
  6851 | D:6      | Reached skill level 5 in Armour
  7364 | D:6      | Reached skill level 6 in Armour
  7686 | D:7      | Reached skill level 7 in Maces & Flails
  7686 | D:7      | Reached XP level 9. HP: 78/78 MP: 9/9
  7705 | D:7      | Reached skill level 7 in Armour
  8163 | D:7      | Found a staircase to the Ecumenical Temple.
  8168 | D:7      | Noticed Menkaure
  8179 | D:7      | HP: 18/78 [??? (12)]
  8205 | D:7      | Killed Menkaure
  8205 | D:7      | Reached skill level 8 in Armour
  8282 | Temple   | Entered the Ecumenical Temple
  8372 | Temple   | Became a worshipper of Qazlal Stormbringer
  8769 | D:8      | Reached skill level 8 in Maces & Flails
  8908 | D:8      | Reached skill level 9 in Armour
  8923 | D:8      | Reached * piety under Qazlal
  9654 | D:9      | Noticed a two-headed ogre
  9671 | D:9      | Reached skill level 10 in Armour
  9674 | D:9      | Reached XP level 10. HP: 84/84 MP: 10/10
  9690 | D:9      | Reached skill level 9 in Maces & Flails
  9697 | D:9      | Killed a two-headed ogre
  9697 | D:9      | Reached skill level 11 in Armour
  9979 | D:9      | Reached ** piety under Qazlal
 10507 | D:9      | Noticed a brown ugly thing
 10513 | D:9      | Noticed a two-headed ogre
 10539 | D:9      | Killed a brown ugly thing
 10539 | D:9      | Reached skill level 10 in Fighting
 10545 | D:9      | Killed a two-headed ogre
 10545 | D:9      | Reached skill level 10 in Maces & Flails
 10629 | D:9      | Noticed a gargoyle
 10673 | D:9      | HP: 32/129 [gargoyle/stone arrow (13)]
 10675 | D:9      | Killed a gargoyle
 10675 | D:9      | Reached skill level 1 in Invocations
 10736 | D:9      | Reached skill level 2 in Invocations
 10754 | D:9      | Reached skill level 11 in Fighting
 10760 | D:9      | Reached XP level 11. HP: 41/93 MP: 11/13
 10763 | D:9      | Reached skill level 3 in Invocations
 10767 | D:9      | Noticed a wizard
 10802 | D:9      | Cast into level 2 of the Abyss (a wizard)
 10810 | D:9      | Escaped the Abyss
 10813 | D:9      | Killed a wizard
 10842 | D:9      | Reached skill level 4 in Invocations
 10949 | D:9      | Got a polished scale mail
 11113 | D:9      | Identified the +4 scale mail of Hopscotch {MR+ Stlth+} (You found it on level 9 of the Dungeon)
 11508 | D:9      | Found a hazy altar of Hepliaklqana.
 11565 | D:9      | Reached skill level 5 in Invocations
 11602 | D:9      | Reached skill level 1 in Spellcasting
 11709 | D:10     | Entered Level 10 of the Dungeon
 11893 | D:10     | Found a staircase to the Lair.
 11920 | D:10     | Reached skill level 2 in Spellcasting
 12119 | D:10     | Reached *** piety under Qazlal
 12126 | D:10     | Noticed a two-headed ogre
 12135 | D:10     | Killed a two-headed ogre
 12135 | D:10     | Reached skill level 3 in Spellcasting
 12135 | D:10     | Reached skill level 6 in Invocations
 12166 | D:10     | Noticed a two-headed ogre
 12175 | D:10     | Killed a two-headed ogre
 12175 | D:10     | Reached skill level 4 in Spellcasting
 12278 | D:10     | Found a corrupted altar of Lugonu.
 12312 | D:10     | Found a transporter.
 12411 | D:10     | Found Figy's Gadget Emporium.
 12877 | D:4      | Bought a book of Changes for 275 gold pieces
 12880 | D:4      | Learned a level 2 spell: Call Imp
 12883 | D:4      | Learned a level 2 spell: Sticks to Snakes
 13064 | D:10     | Noticed a red ugly thing
 13064 | D:10     | Noticed a red ugly thing
 13066 | D:10     | Noticed a brown ugly thing
 13067 | D:10     | Reached skill level 5 in Spellcasting
 13070 | D:10     | Noticed a red ugly thing
 13074 | D:10     | Noticed a brown ugly thing
 13087 | D:10     | Killed a brown ugly thing
 13087 | D:10     | Reached skill level 1 in Summonings
 13087 | D:10     | Reached skill level 1 in Transmutations
 13094 | D:10     | Reached skill level 2 in Summonings
 13098 | D:10     | Killed a brown ugly thing
 13098 | D:10     | Reached skill level 2 in Transmutations
 13098 | D:10     | Reached XP level 12. HP: 74/100 MP: 12/20
 13099 | D:10     | HP: 31/150 [red ugly thing (21)]
 13104 | D:10     | HP: 21/150 [brown ugly thing (6)]
 13109 | D:10     | HP: 8/150 [large abomination (7)]
 13111 | D:10     | Mangled by a large abomination

Skill      XL: |  1  2  3  4  5  6  7  8  9 10 11 |
---------------+----------------------------------+-----
Fighting       | 5 6 7 8 9 11 | 11.5
Maces & Flails | 2 3 4 5 7 8 10 | 10.0
Shields        | 3 4 |  4.2
Armour         | 6 10 11 | 11.6
Invocations    | 2 6 |  6.5
Spellcasting   | 5 |  5.5
Summonings     | 2 |  2.9
Transmutations | 2 |  2.6
Stealth        | |  1.0
Evocations     | |  0.2

Action                   |  1- 3 |  4- 6 |  7- 9 | 10-12 || total
-------------------------+-------+-------+-------+-------++-------
Melee: Mace              |   116 |   188 |   238 |       ||   542
       Dire flail        |       |       |   246 |   328 ||   574
       Eveningstar       |       |       |       |   103 ||   103
Throw: Stone             |       |     7 |    37 |    22 ||    66
Invok: Upheaval          |       |       |       |     4 ||     4
 Abil: Hop               |       |     3 |     4 |     1 ||     8
Evoke: Wand              |       |       |     1 |       ||     1
       Fan of gales      |       |       |       |     1 ||     1
       Sack of spiders   |       |       |       |     1 ||     1
  Use: Scroll            |     2 |     9 |    15 |     5 ||    31
       Potion            |       |     1 |     5 |     9 ||    15
 Stab: Sleeping          |     1 |       |       |       ||     1
       Invisible         |       |     2 |       |       ||     2
  Eat: Chunk             |     3 |     5 |    13 |    10 ||    31
       Ration            |       |     1 |     2 |     3 ||     6
Armor: Robe              |    32 |       |       |       ||    32
       Ring mail         |    15 |    86 |   106 |       ||   207
       Skin              |       |       |    14 |    41 ||    55
       Chain mail        |       |       |    86 |    55 ||   141
       Plate armour      |       |       |       |    79 ||    79
       Scale mail        |       |       |       |    64 ||    64
Dodge: Dodged            |    82 |    93 |   157 |   128 ||   460
Block: Buckler           |       |     6 |    31 |    54 ||    91
       Other             |       |       |       |    24 ||    24

Vault maps used:
D:1:      minmay_arrival_up_and_down
D:2:      chequers_ecumenical_altar_simple
D:3:      cheibrodos_thug_alley
D:4:      first_ration, serial_shops, nicolae_shop_stone
D:5:      nicolae_ossuary_entry_plus, lexackson_kobold_supper, uniq_edmund
D:6:      hangedman_decor_riveting
D:7:      minmay_temple_entry_junction, lightli_orcish_oven, uniq_menkaure
D:8:      kennysheep_crisscross
D:9:      minmay_the_grid_square_5x5_3x3, lemuel_round_altar, serial_curves,
          eino_curves_04, eino_curves_04, hangedman_pestilent_swarm
D:10:     gammafunk_corrupted_shrine, grunt_lair_entry_orc_guard_hut,
          serial_shops, kennysheep_little_box
Temple:   nicolae_temple_the_god_donut
Ossuary:  ossuary_the_hunt_dpeg

Table legend:
 A = Turns spent in this place as a percentage of turns spent in the entire game.
 B = Non-inter-level travel turns spent in this place as a percentage of non-inter-level travel turns spent in the entire game.
 C = Inter-level travel turns spent in this place as a percentage of turns spent in this place.
 D = Turns resting spent in this place as a percentage of non-inter-level travel turns spent in this place.
 E = Turns spent auto-exploring this place as a percentage of non-inter-level travel turns spent in this place.
 F = Non-inter-level travel turns spent in this place divided by the number of levels of this place that you've seen.
                   A       B       C       D       E      F
               +-------+-------+-------+-------+-------+----------------------
         Total | 100.0 | 100.0 |   5.9 |  37.2 |  36.1 | 949.2
       Dungeon |  95.3 |  95.3 |   5.9 |  36.4 |  37.1 | 1175.8
        Temple |   0.8 |   0.6 |  28.2 |   0.0 |  79.7 |  74.0
         Abyss |   0.1 |   0.1 |   0.0 |   0.0 |  12.5 |   8.0
       Ossuary |   3.8 |   4.0 |   0.0 |  60.7 |   4.8 | 499.0
               +-------+-------+-------+-------+-------+----------------------

Table legend:
 A = Kills in this place as a percentage of kills in entire the game.
 B = Kills by you in this place as a percentage of kills by you in the entire game.
 C = Kills by friends in this place as a percentage of kills by friends in the entire game.
 D = Other kills in this place as a percentage of other kills in the entire game.
 E = Experience gained in this place as a percentage of experience gained in the entire game.
 F = Experience gained in this place divided by the number of levels of this place that you have seen.
                   A       B       C       D       E      F
               +-------+-------+-------+-------+-------+----------------------
         Total | 100.0 | 100.0 |   N/A |   N/A | 100.0 | 1467.2
       Dungeon |  95.8 |  95.8 |   N/A |   N/A |  99.2 | 1892.4
       Ossuary |   4.2 |   4.2 |   N/A |   N/A |   0.8 | 150.0
               +-------+-------+-------+-------+-------+----------------------
